Rowan, chaotic male elven Ranger ----- |...| --- ---...--- |..-- --......<| -...---- |......-.--- |.......-- ---.---......---........| ......| --..--..|...|....-- .....d-- ----|......|....| G.@..-- ---....|....| --..-- ---.-|..--- |...| ----..| |..-- --|...-- ---- --.|.--- |....| ---.-- --- Rowan the Lookout Experience level: 5 Strength: 17 Dexterity: 10 Constitution: 16 Intelligence: 14 Wisdom: 13 Charisma: 7 Health: 0(37) Energy: 35(35) Def: 3 Gold: 0 Moves: 1839 Dungeon seed: 6wSP9Q6kOyEQo1ZN Game ID: Rowan_1616419758 Your Inventory: Weapons a - a +0 elven dagger (alternate weapon; not wielded) b - a +1 elven bow (weapon in hand) c - 46 blessed +2 elven arrows (in quiver) Armor e - an uncursed +2 elven cloak (being worn) Tools h - an uncursed bag of holding u - 4 uncursed tallow candles (0:200) D - an uncursed partly used tallow candle (lit) (0:98) Contents of the bag of holding: 490 gold pieces 14 +0 arrows a +0 bow 4 +0 daggers 4 +0 darts 11 cursed +0 darts 11 +0 shuriken a blessed +1 dwarvish cloak an uncursed +0 dwarvish cloak an uncursed +0 leather armor an uncursed +0 pair of iron shoes a cursed -1 pair of iron shoes 3 uncursed lembas wafers an uncursed scroll of gold detection a cursed scroll of teleportation an uncursed spellbook of wizard lock an uncursed blindfold an expensive camera (0:87) a +0 pick-axe a +0 pick-axe an uncursed worthless piece of black glass 2 uncursed worthless pieces of orange glass an uncursed worthless piece of violet glass an uncursed worthless piece of white glass an uncursed worthless piece of yellowish brown glass Spells and supernatural/magical abilities: Name Level Category Fail Memory W - pray for help -- divine ? -- Your skills at the end: Fighting Skills Weapon Skills dagger [Basic] bow [Basic] Spellcasting Skills Final Attributes: You were piously aligned. You were sleep resistant. You had automatic searching. You had infravision. You were stealthy. You are dead. Vanquished creatures: a gnome king 2 ponies a gnomish wizard 2 dwarves a giant bat a monkey an iguana 2 hobbits a yellow mold 10 gnomes 2 gnome zombies a gecko 3 jackals 3 kobolds 4 sewer rats a grid bug a lichen 3 newts 40 creatures vanquished. Voluntary challenges: You used a wielded weapon 26 times, starting on turn 45. You read items or engraved 3 times, starting on turn 347. You never genocided any monsters. You never polymorphed an object. You never changed form. You used no wishes. You never split a pudding. You never wrote Elbereth's name. You never violated your personal moral code. Dungeon overview: The Dungeons of Doom: levels 1 to 3 Level 1 an altar to Mars, some fountains a long staircase Level 2 a fountain Level 3 a sink stairs to The Gnomish Mines The Gnomish Mines: levels 4 to 5 Level 4 stairs to The Dungeons of Doom Level 5 <- You were here History has recorded: On T:1 you entered the Dungeons of Doom to retrieve the Amulet of Yendor! On T:415 you reached level 2 of The Dungeons of Doom. On T:588 you advanced to experience level 2. On T:1100 you reached level 3 of The Dungeons of Doom. On T:1243 you advanced to experience level 3. On T:1336 you reached level 1 of The Gnomish Mines. On T:1433 you advanced to experience level 4. On T:1735 you reached level 2 of The Gnomish Mines. On T:1753 you advanced to experience level 5. Score breakdown: Gold: 490 ( 9154 points) Experience: 5 levels (11141 points) Exploration: 5 levels ( 10.20%) ( 8660 points) Discoveries: 4 items ( 1.38%) ( 3523 points) Valuables value: (no points given unless you survive) Artifact value: 0 ( 0 points) Variety of kills: 18 monsters ( 4.72%) ( 6520 points) Turncount: 1839 turns ( 0 points) Survival: died (score multiplied by 80%) Total score: 31198 Latest messages: b - a +1 elven bow (alternate weapon; not wielded). You are now wielding your elven bow. a - a +0 elven dagger (alternate weapon; not wielded). The elven arrow hits the monkey! You kill the monkey! You see here a blessed +2 elven arrow. c - a blessed +2 elven arrow (in quiver). There are a few objects here. c - a blessed +2 elven arrow (in quiver). E - a blindfold. You see here a bow. G - a bow. You put a bow into the bag. You put a blindfold into the bag. The gnome lord zaps a jeweled wand! The bolt of cold hits you! The bolt of cold bounces! The bolt of cold hits you! You die... Final status: Goodbye Rowan the Ranger, killed by a bolt of cold... You died in The Gnomish Mines on dungeon level 5 with 31198 points, and 490 pieces of gold, after 1839 moves. You were level 5 with a maximum of 37 hit points when you died.